 Dungeon Crawl Stone Soup version 0.24-a0-715-g0b739ee41d (webtiles) character file.

Game seed: 2465405545309461246, levelgen mode: deterministic

4 Arixos the Vexing (level 1, 0/10 HPs)
             Began as a Vampire Enchanter on Sept 30, 2019.
             Slain by a jackal (2 damage)
             ... on level 1 of the Dungeon.
             The game lasted 00:01:35 (177 turns).

Arixos the Vexing (Vampire Enchanter)                Turns: 177, Time: 00:01:36

Health: 0/10       AC:  3    Str:  7    XL:     1   Next: 58%
Magic:  1/3        EV: 12    Int: 17    God:
Gold:   0          SH:  0    Dex: 14    Spells: 3/4 levels left

rFire    . . .     SeeInvis +   a - +1 dagger
rCold    + + .     Gourm    .   (no shield)
rNeg     + + +     Faith    .   c - +0 leather armour
rPois    ∞         Spirit   .   (no helmet)
rElec    .         Reflect  .   (no cloak)
rCorr    .         Harm     .   (no gloves)
MR       .....                  (no boots)
Stlth    ++++......             (no amulet)
HPRegen  0.00/turn              (no ring)
MPRegen  0.08/turn              (no ring)

@: bloodless, regenerating quickly
A: no food, fangs 3, see invisible, unbreathing
a: Revivify


You were on level 1 of the Dungeon.
You were bloodless.

You visited 1 branch of the dungeon, and saw 1 of its levels.

Inventory:

Hand Weapons
 a - a +1 dagger (weapon)
Armour
 b - a +0 robe
 c - a +0 leather armour (worn)
Scrolls
 d - a scroll of identify {unknown}


   Skills:
 + Level 0.2 Fighting
 + Level 1.2 Short Blades
 + Level 2.2 Dodging
 + Level 4.4 Stealth
 + Level 2.0 Spellcasting
 + Level 4.4 Hexes


You had 3 spell levels left.
You knew the following spells:

 Your Spells              Type           Power        Failure   Level  Hunger
a - Corona                Hex            ###....      4%          1    N/A

Your spell library contained the following spells:

 Spells                   Type           Power        Failure   Level  Hunger
 Confuse                  Hex            ###.....     14%         3    N/A
 Tukima's Dance           Hex            ###.....     14%         3    N/A
 Ensorcelled Hibernation  Hex/Ice        #.....       17%         2    N/A
 Dazzling Spray           Conj/Hex       #.....       34%         3    N/A

Dungeon Overview and Level Annotations

Branches:
Dungeon (1/15)

Altars:


Innate Abilities, Weirdness & Mutations

You do not eat.
You do not regenerate when monsters are visible.
You are frail without blood (-20% HP).
You are immune to poison.
You have razor-sharp teeth.
You have supernaturally acute eyesight. (SInv)
You can survive without breathing.


Message History

The jackal is heavily wounded.
The jackal bites the bush but does no damage.
The jackal bites you but does no damage.
The jackal bites the bush but does no damage.
You hit the jackal.
You kill the jackal!
Your leather armour prevents you from hitting the jackal.
The jackal is severely wounded.
The jackal barely misses you.
The jackal bites the bush but does no damage.
You hit the jackal.
You kill the jackal!
The jackal barely misses you.
You hit the jackal but do no damage.
The jackal bites the bush but does no damage.
The jackal completely misses you.
You barely miss the jackal.
The jackal bites the bush but does no damage.
The jackal bites you.
You die...

♣♣♣.♣♣♣♣#.########
♣.♣♣...........+
##.####.#########
##########..####.#
#................#
#.#######♣♣♣♣♣♣♣♣#
#.# ##♣♣♣♣♣..P♣#
#.# #...♣Ph..?..
##.#####.♣P@h♣
#........♣♣♣♣♣
##########


You could see 2 jackals.

Vanquished Creatures
  2 jackals (D:1)
  2 bats (D:1)
  A rat (D:1)
5 creatures vanquished.

Notes
Turn   | Place    | Note
-------+----------+-------------------------------------------
     0 | D:1      | Arixos the Vampire Enchanter began the quest for the Orb.
     0 | D:1      | Reached XP level 1. HP: 13/13 MP: 3/3
   177 | D:1      | Slain by a jackal

Levels and vault maps discovered:
D:1:      dpeg_arrival_erosion, layout_basic, serial_forest,
          infiniplex_forest_lined_2, infiniplex_forest_lined_3,
          infiniplex_forest_zigzag_1, infiniplex_forest_lined_4_way,
          infiniplex_forest_zigzag_1, infiniplex_forest_fountain,
          infiniplex_forest_clump_curved, infiniplex_forest_straight_4,
          minmay_strange_pillars, minmay_worlds_worst_comb

Action                   || total
-------------------------++-------
Melee: Dagger            ||    18
       Bite              ||     1
 Cast: Corona            ||     2
 Abil: Exsanguinate      ||     1
 Stab: Sleeping          ||     2
Armor: Leather armour    ||     4
Dodge: Dodged            ||     7

Table legend:
 A = Non-vault XP
 B = Vault XP
 C = Vault XP percentage of total XP
 D = Non-vault monster count
 E = Vault monster count
 F = Vault count percentage of total count
                 A         B        C        D         E       F
            +---------+---------+-------+---------+---------+-------
      Total |       7 |       0 |   0.0 |       5 |       0 |   0.0
            +---------+---------+-------+---------+---------+-------
        D:1 |       7 |       0 |   0.0 |       5 |       0 |   0.0
            +---------+---------+-------+---------+---------+-------
